 Dungeon Crawl Stone Soup version 0.31-a0-1119-gf6f8548 (webtiles) character file.

Game seed: 5311341211804697334

1556937 Kearsarge the Marksgnoll (level 25, 204/204 HPs)
             Began as a Gnoll Hunter on Dec 4, 2023.
             Was an Initiate of Gozag.
             Escaped with the Orb
             ... and 3 runes!
             The game lasted 02:03:38 (73764 turns).

Kearsarge the Marksgnoll (Gnoll Hunter)            Turns: 73764, Time: 02:03:39

Health: 204/204    AC: 35    Str:  9    XL:     25   Next: 75%
Magic:  35/35      EV: 23    Int: 12    God:    Gozag
Gold:   1553       SH: 24    Dex: 39    Spells: 35/59 levels left

rFire   + + .        Z - +8 autumn katana {manifold assault}
rCold   + + +        b - +5 kite shield {reflect}
rNeg    + + .        v - +7 fire dragon scales of the Forgotten Brambles {*Slow rF++ rC- Will++ Int+3}
rPois   +            y - +1 hat "Reolialu" {Contam +Blink Dex+4}
rElec   +            F - +2 ratskin cloak {*Rats rPois rN+ Str-1 Int-1 Dex+1}
rCorr   .            S - +2 pair of gloves "Esyogog" {Will+}
SInv    +            X - +0 pair of boots of the Miller {rElec rC+ Slay+6}
Will    ++++.        D - amulet of Optimism {Acrobat rPois Regen+}
Stlth   +++          q - ring "Utwub" {rC+++ MP-9 AC+4 Dex+3 SInv}
HPRegen 1.34/turn    Y - ring of Rauceg {rN+ Dex+6 Stlth+}
MPRegen 0.24/turn

%: slow self (1%), reflection, acrobat
@: studying Translocations
A: fangs 1, strong nose, distributed training, weak 1
0: Orb of Zot
}: 3/15 runes: decaying, serpentine, silver
a: Renounce Religion, Evoke Blink, Potion Petition, Call Merchant, Bribe Branch


You escaped.
You worshipped Gozag.
Gozag was most pleased with you.
You visited 10 branches of the dungeon, and saw 48 of its levels.
You visited 1 ziggurat, and saw 5 of its levels.
You also visited: Trove and Sewer.

You collected 28279 gold pieces.
You spent 4513 gold pieces at shops.
You paid 22213 gold pieces to Gozag.

Inventory:

Hand Weapons
 Z - the +8 autumn katana (weapon) {manifold assault}
   (You took it off a deep elf knight on level 3 of the Elven Halls)
Armour
 b - a +5 kite shield of reflection (worn)
 j - a scarf of resistance
 v - the +7 fire dragon scales of the Forgotten Brambles (worn) {*Slow rF++ rC- Will++ Int+3}
   (You found it on level 1 of the Vaults)

   Int+3:     It affects your intelligence (+3).
   rF++:      It greatly protects you from fire.
   rC-:       It makes you vulnerable to cold.
   Will++:    It greatly increases your willpower.
   *Slow:     It may slow you when you take damage.
 y - the +1 hat "Reolialu" (worn) {Contam +Blink Dex+4}
   (You found it on level 2 of the Swamp)

   Dex+4:     It affects your dexterity (+4).
   +Blink:    It lets you blink.
   Contam:    It causes magical contamination when unequipped.
 F - the +2 ratskin cloak (worn) {*Rats rPois rN+ Str-1 Int-1 Dex+1}
   (You found it on level 12 of the Dungeon)

   *Rats:     When the wearer is hurt, rats may emerge from it to assist them.
   Str-1:     It affects your strength (-1).
   Int-1:     It affects your intelligence (-1).
   Dex+1:     It affects your dexterity (+1).
   rPois:     It protects you from poison rN+: It protects you from negative
   energy.
 S - the +2 pair of gloves "Esyogog" (worn) {Will+}
   (You found it on level 2 of the Orcish Mines)

   Will+:     It increases your willpower.
 V - a +2 helmet of see invisible
 X - the +0 pair of boots of the Miller (worn) {rElec rC+ Slay+6}
   (You acquired it on level 2 of the Vaults)

   Slay+6:    It affects your accuracy & damage with ranged weapons and melee
   (+6).
   rC+:       It protects you from cold.
   rElec:     It insulates you from electricity.
Jewellery
 q - the ring "Utwub" (left hand) {rC+++ MP-9 AC+4 Dex+3 SInv}
   (You bought it in a shop on level 12 of the Dungeon)

   [ring of protection]

   AC+4:      It affects your AC (+4).
   Dex+3:     It affects your dexterity (+3).
   rC+++:     It renders you almost immune to cold.
   MP-9:      It affects your magic capacity (-9).
   SInv:      It lets you see invisible.
 s - the amulet of the Four Winds {rN+ Will+++ Clar}
   (You bought it in a shop on level 12 of the Dungeon)

   [amulet of nothing]

   rN+:       It protects you from negative energy.
   Will+++:   It greatly increases your willpower.
   Clar:      It protects you from confusion, rage, mesmerisation and fear.
 D - the amulet of Optimism (around neck) {Acrobat rPois Regen+}
   (You found it on level 3 of the Depths)

   [amulet of the acrobat]

   Acrobat:   It increases your evasion while moving and waiting.
   rPois:     It protects you from poison Regen+: It increases your rate of
   health regeneration.
 R - the ring "Tagos" {rC+ Dex+4 Slay+4}
   (You took it off an orc warrior on level 2 of the Orcish Mines)

   [ring of slaying]

   Dex+4:     It affects your dexterity (+4).
   Slay+4:    It affects your accuracy & damage with ranged weapons and melee
   (+4).
   rC+:       It protects you from cold.
 U - the ring "Soceal" {rElec rN+ Str+4 Int+6 Stlth+}
   (You found it in a treasure trove)

   [ring of intelligence]

   Str+4:     It affects your strength (+4).
   Int+6:     It affects your intelligence (+6).
   rElec:     It insulates you from electricity.
   rN+:       It protects you from negative energy.
   Stlth+:    It makes you more stealthy.
 Y - the ring of Rauceg (right hand) {rN+ Dex+6 Stlth+}
   (You took it off a deep elf high priest on level 3 of the Elven Halls)

   [ring of dexterity]

   Dex+6:     It affects your dexterity (+6).
   rN+:       It protects you from negative energy.
   Stlth+:    It makes you more stealthy.
Talismans
 T - a granite talisman
Wands
 x - a wand of charming (39)
 H - a wand of roots (41)
 K - a wand of acid (8)
Scrolls
 d - a scroll of revelation
 h - 6 scrolls of noise
 o - 15 scrolls of fog
 u - a scroll of summoning
 A - 7 scrolls of poison
 B - 3 scrolls of enchant armour
 E - 9 scrolls of teleportation
 G - 8 scrolls of immolation
 J - 30 scrolls of identify
 L - 8 scrolls of vulnerability
 P - 6 scrolls of fear
Potions
 a - 6 potions of attraction
 c - 6 potions of lignification
 i - 7 potions of enlightenment
 k - 3 potions of berserk rage
 n - 5 potions of mutation
 p - 2 potions of haste
 r - 5 potions of invisibility
 t - 25 potions of curing
 w - 2 potions of cancellation
 z - 4 potions of might
 C - a potion of magic
 M - 3 potions of brilliance
 N - 2 potions of resistance
 W - 10 potions of heal wounds
Miscellaneous
 e - a condenser vane
 g - a lightning rod (4/4)
 l - a phial of floods
 m - a phantom mirror


   Skills:
 + Level 18.0 Fighting
 + Level 17.5 Short Blades
 + Level 17.5 Long Blades
 + Level 17.5 Axes
 + Level 17.5 Maces & Flails
 + Level 17.5 Polearms
 + Level 17.5 Staves
 + Level 19.1 Ranged Weapons
 + Level 17.5 Throwing
 + Level 17.5 Armour
 + Level 18.0 Dodging
 + Level 17.6 Stealth
 + Level 17.5 Shields
 + Level 17.5 Unarmed Combat
 + Level 17.5 Spellcasting
 + Level 14.9 Conjurations
 + Level 14.9 Hexes
 + Level 14.9 Summonings
 + Level 14.9 Necromancy
 + Level 15.7 Translocations
 + Level 14.9 Transmutations
 + Level 14.9 Fire Magic
 + Level 14.9 Ice Magic
 + Level 14.9 Air Magic
 + Level 14.9 Earth Magic
 + Level 14.9 Poison Magic
 + Level 18.9 Invocations
 + Level 17.5 Evocations
 + Level 16.1 Shapeshifting


You had 35 spell levels left.
You knew the following spells:

 Your Spells              Type           Power      Damage    Failure   Level
a - Inner Flame           Hex/Fire       46%        N/A       1%          3
b - Petrify               Tmut/Erth      46%        N/A       1%          4
c - Olgreb's Toxic Radia  Pois           46%        N/A       1%          4
d - Manifold Assault      Tloc           48%        N/A       1%          4
e - Cause Fear            Hex            23%        N/A       1%          4
f - Freezing Cloud        Conj/Ice/Air   23%        6-21      3%          5

Your spell library contained the following spells:

 Spells                   Type           Power      Damage    Failure   Level
 Apportation              Tloc           96%        N/A       1%          1
 Foxfire                  Conj/Fire      100%       2x1d9     1%          1
 Kiss of Death            Conj/Necr      100%       2d13      1%          1
 Necrotise                Necr           100%       1d9       1%          1
 Sandblast                Erth           92%        2d19      1%          1
 Shock                    Conj/Air       100%       1d9       1%          1
 Sting                    Tmut/Pois      100%       1d8       1%          1
 Summon Small Mammal      Summ           100%       N/A       1%          1
 Blink                    Tloc           96%        N/A       1%          2
 Lesser Beckoning         Tloc           96%        N/A       1%          2
 Momentum Strike          Conj/Tloc      94%        3d10      1%          2
 Passwall                 Tmut/Erth      38%        N/A       1%          2
 Poisonous Vapours        Pois/Air       92%        N/A       1%          2
 Wereblood                Tmut           46%        N/A       1%          2
 Call Canine Familiar     Summ           46%        N/A       1%          3
 Dazzling Flash           Conj/Hex       92%        N/A       1%          3
 Frozen Ramparts          Ice            92%        1d14      1%          3
 Gell's Gravitas          Tloc           48%        N/A       1%          3
 Hailstorm                Conj/Ice       46%        3d10      1%          3
 Ignite Poison            Fire/Tmut/Pois 46%        N/A       1%          3
 Mephitic Cloud           Conj/Pois/Air  46%        N/A       1%          3
 Stone Arrow              Conj/Erth      92%        3d12      1%          3
 Summon Guardian Golem    Hex/Summ       46%        N/A       1%          3
 Swiftness                Air            46%        N/A       1%          3
 Teleport Other           Tloc           48%        N/A       1%          3
 Tukima's Dance           Hex            46%        N/A       1%          3
 Airstrike                Air            23%        2d(4-20)  1%          4
 Anguish                  Hex/Necr       23%        N/A       1%          4
 Animate Armour           Summ/Erth      92%        N/A       1%          4
 Brom's Barrelling Bould  Conj/Erth      46%        2d6       1%          4
 Dimensional Bullseye     Hex/Tloc       23%        N/A       1%          4
 Flame Wave               Conj/Fire      46%        2d12      1%          4
 Iskenderun's Mystic Bla  Conj/Tloc      47%        2d10      1%          4
 Sticky Flame             Conj/Fire      46%        2d6       1%          4
 Summon Ice Beast         Ice/Summ       46%        N/A       1%          4
 Vhi's Electric Charge    Tloc/Air       94%        N/A       1%          4
 Summon Forest            Summ/Tloc      23%        N/A       2%          5
 Agony                    Necr           46%        N/A       3%          5
 Arcjolt                  Conj/Air       23%        1d33      3%          5
 Iskenderun's Battlesphe  Conj           46%        2d10      3%          5
 Metabolic Englaciation   Hex/Ice        23%        N/A       3%          5
 Silence                  Hex/Air        23%        N/A       3%          5
 Summon Mana Viper        Hex/Summ       46%        N/A       3%          5
 Dispersal                Tloc           24%        N/A       12%         6
 Bombard                  Conj/Erth      23%        9d4       17%         6
 Malign Gateway           Summ/Tloc      23%        N/A       63%         7
 Enfeeble                 Hex            23%        N/A       67%         7
 Monstrous Menagerie      Summ           23%        N/A       67%         7
 Spellforged Servitor     Conj/Summ      23%        N/A       67%         7
 Disjunction              Tloc           24%        N/A       99%         8
 Borgnjor's Revivificati  Necr           23%        N/A       100%        8
 Discord                  Hex            23%        N/A       100%        8
 Ignition                 Fire           23%        3d8       100%        8
 Lehudib's Crystal Spear  Conj/Erth      23%        10d6      100%        8
 Maxwell's Capacitive Co  Air            23%        ∞         100%        8
 Chain Lightning          Conj/Air       23%        3d30      100%        9
 Death's Door             Necr           23%        N/A       100%        9
 Simulacrum               Ice/Necr       Unusable   N/A       N/A         6

Dungeon Overview and Level Annotations

Branches:
Dungeon (15/15)            Temple (1/1) D:4            Lair (5/5) D:11
  Swamp (4/4) Lair:3        Snake (4/4) Lair:3        Slime (0/5) Lair:5
    Orc (2/2) D:12            Elf (3/3) Orc:2        Vaults (5/5) D:14
  Crypt (0/3) Vaults:2     Depths (4/4) D:15            Zot (5/5) Depths:4
  Sewer (visited)

Altars:
Ashenzari
Cheibriados
Dithmenos
Elyvilon
Fedhas
Gozag
Hepliaklqana
Kikubaaqudgha
Makhleb
Nemelex Xobeh
Okawaru
Qazlal
Ru
Sif Muna
Trog
Uskayaw
Vehumet
Wu Jian
Xom
Yredelemnul
Zin
The Shining One

Shops:
D:1 :[!?   D:12 =   Orc:2 [*[*?   Elf:2 ((   Lair:2 =   Lair:5 [=   Snake:1 ?
Snake:2 *!   Snake:3 :   Snake:4 =?   Vaults:1 [   Depths:1 ((   Depths:3 [
Depths:4 (?*!

Portals:
Hell: Depths:1 Depths:2 Depths:3
Abyss: Depths:3
Pandemonium: Depths:1 Depths:2

Annotations:
D:3 Grinder
D:5 Menkaure
D:8 Jeremiah
D:9 Joseph
D:11 1 runed translucent door, Boris; Dorkslayer's ghost, journeyman HOFi
D:12 2 transporters, Caerwyn's ghost, journeyman TrBe
Lair:5 2 runed translucent doors
Elf:2 3 runed translucent doors
Depths:2 2 transporters
Depths:3 2 runed translucent doors


Innate Abilities, Weirdness & Mutations

You have very sharp teeth.
Your uncanny sense of smell can sniff out nearby items.
Your experience applies equally to all skills.
You are weak. (Str -2)


Message History

There is a stone staircase leading down here.
There is an open door here.
There is an open door here.
There is an open door here.
A tormentor comes into view.
Space folds impossibly around your blade!
You slice the tormentor!!
Space folds impossibly around your blade!
You slice the tormentor!!
You kill the tormentor!
You can't see any susceptible monsters within range! (Use Z to cast anyway.)
You can't see any susceptible monsters within range! (Use Z to cast anyway.)
What level of the Dungeon? (default 1, ? - help)
There is a stone staircase leading up here.
You climb upwards.
Level annotation: Grinder
There is a stone staircase leading down here.
There is a stone staircase leading up here.
You climb upwards.
There is a stone staircase leading down here.
There is an open door here.
There is a stone staircase leading up here.
You climb upwards.
There is a stone staircase leading down here.
Magic restored.
Aiming: Dig
Press: ? - help, Q - select action, (/) - cycle Shift-Dir - straight line You can't see that place. [the floor.]
The rock shatters into small pieces.
The now-empty wand crumbles to dust.
Blink to where?
Press: ? - help, Q - select action, (/) - cycle Dir - move target
As you read the scroll of blinking, it crumbles to dust.
Blink to where?
Press: ? - help, Q - select action, (/) - cycle Dir - move target
As you read the scroll of blinking, it crumbles to dust.
Blink to where?
Press: ? - help, Q - select action, (/) - cycle Dir - move target
As you read the scroll of blinking, it crumbles to dust.
You have escaped!

.(....#
#.#...........#.##.......
.######
##.....#.#.....###.###### .#
### #..[.".#.#......##.# .#
#.. #...§..#.#......##.# .#
#.# #....#.#.#.#....##.# .##
#.# #...##.#.#.##...##.#
..###.# #.....⌠#.#⌠.....##.#
.#.##.###..#####.#####..##.#
.##.#.#...§.....@..........#
........#..#####.#####..####
........#.....⌠#.#⌠.....#
##.##..##...##.#.#.##...#
#.###..##....#.#.#.#....#
..(....##......#.#......#
#####..##......#.#......# #
#..###.....#.#.....## #
#...#.#...........#.#


There were no monsters in sight!

Vanquished Creatures
  2 juggernauts
  Xtahua (Vaults:4)
  Saint Roka (Snake:3)
  Boris (twice) (Vaults:3 Vaults:4)
  Vashnia (Snake:4)
  4 caustic shrikes
  the Enchantress (Depths:4)
  5 golden dragons
  Nikola (Swamp:4)
  A bone dragon (Zig:1)
  A pandemonium lord (Depths:4)
  6 tentacled monstrosities
  Zenata (Vaults:1)
  A Hell Sentinel (Zig:2)
  A walking earthen tome (Depths:3)
  A hellephant (Zot:2)
  3 Orb Guardians (Zot:5)
  2 walking crystal tomes
  8 liches
  Asterion (Vaults:3)
  2 titans
  2 deep elf blademasters (Elf:3)
  4 quicksilver dragons
  2 deep elf master archers (Elf:3)
  A death cob (Zot:5)
  2 acid blobs (Zig:4)
  A walking divine tome (Depths:3)
  2 thorn hunters (Swamp:4)
  8 sphinxes
  Kirke (Swamp:3)
  7 tengu reavers
  7 shadow dragons
  4 storm dragons
  A draconian knight (Zot:3)
  16 nagarajas
  2 iron dragons (Vaults:5)
  3 fenstrider witches (Swamp:4)
  3 deep elf sorcerers
  14 fire giants
  An orc warlord (Vaults:4)
  A ghost moth (Zot:5)
  2 draconian stormcallers (Depths:4)
  9 vault wardens
  7 deep elf elementalists
  A caustic shrike zombie (Depths:1)
  9 frost giants
  4 spriggan defenders
  A reaper (Swamp:4)
  16 ironbound preservers
  2 draconian annihilators
  25 very ugly things
  12 ironbound thunderhulks
  5 deep elf demonologists
  2 formless jellyfish
  18 stone giants
  3 vampire knights
  6 deep elf annihilators (Elf:3)
  6 eleionomae
  3 red draconians
  4 dire elephants (Vaults:3)
  16 spark wasps
  2 yellow draconians
  2 white draconians
  The ghost of wqsa789 the Brawler, a journeyman AtFi of Gozag (Orc:1)
  A bunyip (Swamp:3)
  15 ettins
  A crystal guardian (Vaults:3)
  6 deep elf death magi (Elf:3)
  3 jiangshi (Depths:3)
  13 yaktaur captains
  2 green deaths
  2 deep elf high priests (Elf:3)
  7 fire dragons
  2 shambling mangroves (Swamp:4)
  26 vault guards
  2 salamander tyrants (Snake:4)
  4 rakshasas
  2 peacekeepers
  Harold (D:10)
  5 great orbs of eyes
  10 hydras
  7 ghost crabs
  Fannar (Orc:1)
  5 catoblepae
  8 ironbound frosthearts
  7 spriggan air magi
  12 ice dragons
  8 ogre magi
  10 anacondas
  5 alligators
  2 merfolk aquamancers (D:15)
  19 two-headed ogres
  8 centaur warriors
  12 dancing weapons
  23 naga warriors
  6 tengu warriors
  The ghost of WinterFox the Devastator, a journeyman TeRe of Kikubaaqudgha (Lair:1)
  A death yak (D:11)
  4 boulder beetles
  4 vampire magi
  An occultist (D:15)
  10 deep troll shamans
  5 deep troll earth magi
  10 shock serpents
  A shock serpent (shapeshifter) (Depths:2)
  4 orc high priests
  20 naga sharpshooters
  9 spriggan berserkers
  15 deep elf knights
  9 hell knights
  2 soul eaters (Swamp:4)
  4 iron trolls
  Nergalle (D:9)
  A fire crab (Lair:4)
  4 salamander mystics
  4 skeletal warriors (Depths:2)
  4 sixfirhies
  4 skysharks
  14 spriggan druids
  A death drake (Swamp:4)
  3 goliath frogs
  3 flayed ghosts
  47 deep trolls
  12 glowing orange brains
  2 swamp dragons
  An orb spider (shapeshifter) (Depths:3)
  A sea snake (shapeshifter) (Depths:1)
  14 arcanists
  17 ironbound convokers
  3 bog bodies
  6 necromancers
  8 naga ritualists
  2 phantasmal warriors
  A lindwurm (Lair:5)
  26 deep elf zephyrmancers
  5 harpies (Vaults:2)
  A stone giant zombie (Depths:1)
  9 orc knights
  19 deep elf pyromancers
  11 deep elf archers
  15 mana vipers
  5 orc sorcerers
  3 manticores
  Maurice (D:7)
  A shining eye (Zig:4)
  3 cyclopes
  2 will-o-the-wisps
  18 salamanders
  39 ugly things
  2 centaur zombies (D:15)
  A water nymph (D:15)
  3 moths of wrath
  4 apocalypse crabs (Swamp:1)
  41 black mambas
  An eye of devastation (shapeshifter) (Depths:2)
  12 elephants
  15 naga magi
  2 molten gargoyles (Lair:5)
  A guardian serpent (shapeshifter) (Depths:3)
  A rust devil (D:15)
  14 vault sentinels
  10 guardian serpents
  Maggie (D:7)
  An orange demon (Swamp:4)
  2 torpor snails
  14 cane toads
  A hellion (Depths:1)
  A yaktaur zombie (Vaults:2)
  12 komodo dragons
  A redback zombie (D:15)
  2 freezing wraiths
  5 rime drakes
  21 yaktaurs
  5 kobold demonologists
  2 tormentors
  An ice devil (Depths:4)
  3 tengu conjurers
  5 hellwings (Swamp:4)
  15 tyrant leeches
  A hornet (shapeshifter) (Elf:1)
  3 meliai (D:15)
  6 trolls
  A troll (shapeshifter) (D:13)
  12 hornets
  3 polar bears
  2 bloated husks
  Prince Ribbit (D:5)
  A tarantella (shapeshifter) (Depths:1)
  5 glass eyes
  8 blink frogs
  A dream sheep (Lair:1)
  2 ettin skeletons
  21 slime creatures
  A culicivora (Vaults:5)
  4 vampires
  A shadow (D:10)
  9 spriggans
  An elf skeleton (Vaults:2)
  4 wyverns (Lair:5)
  2 wraiths
  5 water elementals
  A yak (shapeshifter) (D:15)
  8 chaos spawn
  47 yaks
  4 fire elementals
  7 hogs (Swamp:3)
  9 basilisks
  19 humans (D:14)
  2 redbacks (Vaults:5)
  3 steam dragons
  19 vampire mosquitoes
  55 nagas
  4 wargs
  29 swamp worms
  15 water moccasins
  A glowing shapeshifter zombie (Vaults:4)
  An ogre skeleton (Vaults:4)
  3 hell hounds (Lair:5)
  2 swamp drakes
  2 human zombies (Vaults:4)
  2 sky beasts (D:7)
  A black bear (Lair:2)
  29 orc warriors
  A spriggan simulacrum (Depths:1)
  35 ogres
  14 centaurs
  13 wolves
  11 kobold brigands
  A phantom (D:7)
  4 earth elementals
  A gnoll sergeant (D:8)
  11 bullfrogs
  4 scorpions
  6 wights
  10 killer bees
  3 howler monkeys
  5 electric eels
  18 jellies
  4 lava snakes (Lair:5)
  A human simulacrum (Vaults:2)
  3 hounds
  15 orc priests
  Ijyb (D:3)
  26 orc wizards
  A sleepcap (D:5)
  9 iguanas
  3 hell rats
  5 gnolls (D:8)
  3 river rats (D:11)
  4 adders
  3 white imps
  2 ufetubi (D:6)
  4 dart slugs
  2 worms (D:3)
  88 orcs
  8 ball pythons
  8 endoplasms
  3 giant cockroaches
  5 goblins
  4 hobgoblins
  2 jackals (D:1)
  20 kobolds
  6 quokkas
  7 bats
  10 rats
  2 spectral weapons (Vaults:3)
1872 creatures vanquished.

Vanquished Creatures (collateral kills)
  An ancient lich (Zot:5)
  A golden dragon (Vaults:5)
  A tentacled monstrosity (Zot:5)
  A lich (Vaults:5)
  10 Orb Guardians (Zot:5)
  2 death cobs (Zot:5)
  A storm dragon (Zot:5)
  A tengu reaver (Vaults:5)
  A vault warden (Vaults:5)
  A ghost moth (Zot:5)
  A frost giant (Vaults:5)
  A stone giant (Vaults:5)
  A red draconian (Zot:5)
  An ettin (Vaults:5)
  2 yaktaur captains (Vaults:5)
  7 vault guards (Vaults:5)
  A hydra (D:14)
  A two-headed ogre (shapeshifter) (Vaults:5)
  A naga warrior (Snake:4)
  2 death yaks (D:11)
  A skyshark (Lair:3)
  An ironbound convoker (Vaults:5)
  A phantasmal warrior (Vaults:5)
  An ugly thing (D:15)
  A moth of wrath (Zot:5)
  2 vault sentinels (Vaults:5)
  A black mamba (Lair:5)
  A tarantella (Vaults:5)
  A slime creature (D:12)
  A yak (D:8)
  A vampire mosquito (D:13)
  An orc warrior (Orc:2)
  A kobold brigand (D:13)
  A jelly (D:5)
  2 orc priests
  3 orcs
  2 quokkas (D:11)
  A spectral weapon (Zot:5)
61 creatures vanquished.

Vanquished Creatures (others)
  2 ancient liches (Zot:5)
  2 orbs of fire (Zot:5)
  3 Killer Klowns (Zot:5)
  A golden dragon (Vaults:5)
  A tentacled monstrosity (Zot:5)
  2 electric golems (Zot:5)
  A Hell Sentinel (Zot:5)
  9 Orb Guardians (Zot:5)
  A lich (Vaults:5)
  A titan (Vaults:5)
  A sphinx (Vaults:5)
  An eldritch tentacle (Depths:4)
  2 death cobs (Zot:5)
  A storm dragon (Zot:5)
  A tengu reaver (Vaults:5)
  A fire giant (Vaults:5)
  3 frost giants (Vaults:5)
  2 vault wardens (Vaults:5)
  A draconian annihilator (Zot:5)
  4 stone giants (Vaults:5)
  A purple draconian (Zot:5)
  2 white draconians (Zot:5)
  2 yellow draconians (Zot:5)
  A deep elf annihilator (Vaults:5)
  A deep elf demonologist (Vaults:5)
  2 yaktaur captains (Vaults:5)
  14 vault guards (Vaults:5)
  An ogre mage (Vaults:5)
  An alligator (Swamp:4)
  An orc high priest (Orc:2)
  A deep troll earth mage (Vaults:5)
  A swamp dragon (Swamp:1)
  An arcanist (D:14)
  A deep elf archer (Elf:3)
  A phantasmal warrior (Vaults:5)
  2 ironbound convokers (Vaults:5)
  A cyclops (D:8)
  2 vault sentinels (Vaults:5)
  A smoke demon (Zot:5)
  A merfolk (shapeshifter) (Vaults:5)
  A bloated husk (Swamp:1)
  Grum (D:10)
  A hell hound (Lair:5)
  A swamp drake (Swamp:2)
  A howler monkey (D:7)
  An orc wizard (Orc:2)
  4 foxfires
88 creatures vanquished.

Grand Total: 2021 creatures vanquished

Notes
Turn   | Place    | Note
-------+----------+-------------------------------------------
     0 | D:1      | Kearsarge the Gnoll Hunter began the quest for the Orb.
     0 | D:1      | Reached XP level 1. HP: 20/20 MP: 1/1
    74 | D:1      | Found Iniwanof's Armour Shop.
    99 | D:1      | Reached XP level 2. HP: 26/26 MP: 2/2
   222 | D:1      | Found Miniecer's Book Shoppe.
   451 | D:1      | Reached XP level 3. HP: 31/31 MP: 3/3
   504 | D:1      | Found Koargh's Distillery.
   544 | D:1      | Found Lenkupp's Magic Scroll Emporium.
   553 | D:1      | Bought a scroll of identify for 24 gold pieces
   921 | D:2      | Reached skill level 1 in Invocations
  1562 | D:3      | Reached skill level 1 in Short Blades
  1562 | D:3      | Reached skill level 1 in Long Blades
  1562 | D:3      | Reached skill level 1 in Axes
  1562 | D:3      | Reached skill level 1 in Maces & Flails
  1562 | D:3      | Reached skill level 1 in Polearms
  1562 | D:3      | Reached skill level 1 in Staves
  1562 | D:3      | Reached skill level 1 in Throwing
  1562 | D:3      | Reached skill level 1 in Armour
  1562 | D:3      | Reached skill level 1 in Shields
  1562 | D:3      | Reached skill level 1 in Unarmed Combat
  1562 | D:3      | Reached skill level 1 in Spellcasting
  1562 | D:3      | Reached skill level 1 in Evocations
  1567 | D:3      | Found a glowing drain.
  1617 | Sewer    | Entered a sewer
  1658 | D:3      | Reached XP level 4. HP: 38/38 MP: 5/5
  1698 | D:3      | Reached skill level 1 in Shapeshifting
  1712 | D:3      | Noticed Ijyb
  2066 | D:3      | Reached skill level 1 in Conjurations
  2066 | D:3      | Reached skill level 1 in Hexes
  2066 | D:3      | Reached skill level 1 in Summonings
  2066 | D:3      | Reached skill level 1 in Necromancy
  2066 | D:3      | Reached skill level 1 in Translocations
  2066 | D:3      | Reached skill level 1 in Transmutations
  2066 | D:3      | Reached skill level 1 in Fire Magic
  2066 | D:3      | Reached skill level 1 in Ice Magic
  2066 | D:3      | Reached skill level 1 in Air Magic
  2066 | D:3      | Reached skill level 1 in Earth Magic
  2066 | D:3      | Reached skill level 1 in Poison Magic
  2104 | D:3      | Noticed Grinder
  2175 | D:3      | Killed Ijyb
  2342 | D:4      | Reached XP level 5. HP: 39/39 MP: 6/6
  2399 | D:4      | Noticed an ogre
  2405 | D:4      | Killed an ogre
  2406 | D:4      | Reached XP level 6. HP: 38/50 MP: 8/8
  2974 | D:4      | Found a staircase to the Ecumenical Temple.
  2987 | D:4      | Reached skill level 5 in Fighting
  2987 | D:4      | Reached skill level 5 in Dodging
  2996 | Temple   | Entered the Ecumenical Temple
  3038 | Temple   | Became a worshipper of Gozag Ym Sagoz the Greedy
  3385 | D:4      | Found the +3 Mad Mage's Maulers {Infuse+∞ VampMP -Cast}
  3747 | D:5      | Entered Level 5 of the Dungeon
  3814 | D:5      | Reached XP level 7. HP: 46/56 MP: 10/10
  3887 | D:5      | Reached skill level 9 in Ranged Weapons
  3988 | D:5      | Noticed Menkaure
  4005 | D:5      | Noticed Prince Ribbit
  4023 | D:5      | Reached XP level 8. HP: 57/63 MP: 12/12
  4084 | D:5      | Killed Prince Ribbit
  4320 | D:5      | Noticed a slime creature
  4362 | D:5      | Found an ornate altar of the Wu Jian Council.
  4362 | D:5      | Found a hide-covered altar of Uskayaw.
  4362 | D:5      | Found an iron altar of Okawaru.
  4362 | D:5      | Found a glowing silver altar of Zin.
  4362 | D:5      | Found a shimmering blue altar of Sif Muna.
  4362 | D:5      | Found a shadowy altar of Dithmenos.
  4362 | D:5      | Noticed a slime creature
  4804 | D:6      | Reached XP level 9. HP: 69/69 MP: 14/14
  5094 | D:6      | Reached skill level 5 in Stealth
  5615 | D:6      | Found a sacrificial altar of Ru.
  5888 | D:7      | Reached skill level 5 in Invocations
  6033 | D:7      | Noticed Maurice
  6039 | D:7      | Maurice stole 40 poisoned darts
  6042 | D:7      | Killed Maurice
  6043 | D:7      | Reached XP level 10. HP: 71/77 MP: 15/17
  6159 | D:7      | Noticed Maggie
  6204 | D:7      | Killed Maggie
  6205 | D:7      | Reached skill level 5 in Short Blades
  6205 | D:7      | Reached skill level 5 in Long Blades
  6205 | D:7      | Reached skill level 5 in Axes
  6205 | D:7      | Reached skill level 5 in Maces & Flails
  6205 | D:7      | Reached skill level 5 in Polearms
  6205 | D:7      | Reached skill level 5 in Staves
  6205 | D:7      | Reached skill level 10 in Ranged Weapons
  6205 | D:7      | Reached skill level 5 in Throwing
  6205 | D:7      | Reached skill level 5 in Armour
  6205 | D:7      | Reached skill level 5 in Shields
  6205 | D:7      | Reached skill level 5 in Unarmed Combat
  6205 | D:7      | Reached skill level 5 in Spellcasting
  6205 | D:7      | Reached skill level 5 in Evocations
  6745 | D:8      | Paralysed by a hornet for 3 turns
  6752 | D:8      | Noticed Jeremiah
  7216 | D:8      | Noticed a cyclops
  7219 | D:8      | Found a shadowy altar of Dithmenos.
  7233 | D:8      | Reached skill level 5 in Shapeshifting
  7557 | D:9      | Found a hazy altar of Hepliaklqana.
  7580 | D:9      | Found an iron altar of Okawaru.
  7585 | D:9      | Found a shimmering altar of Xom.
  7751 | D:9      | Noticed a two-headed ogre
  8281 | D:9      | Killed a two-headed ogre
  8282 | D:9      | Reached skill level 5 in Conjurations
  8282 | D:9      | Reached skill level 5 in Hexes
  8282 | D:9      | Reached skill level 5 in Summonings
  8282 | D:9      | Reached skill level 5 in Necromancy
  8282 | D:9      | Reached skill level 5 in Translocations
  8282 | D:9      | Reached skill level 5 in Transmutations
  8282 | D:9      | Reached skill level 5 in Fire Magic
  8282 | D:9      | Reached skill level 5 in Ice Magic
  8282 | D:9      | Reached skill level 5 in Air Magic
  8282 | D:9      | Reached skill level 5 in Earth Magic
  8282 | D:9      | Reached skill level 5 in Poison Magic
  8282 | D:9      | Reached XP level 11. HP: 85/85 MP: 18/20
  8410 | D:9      | Noticed Joseph
  8463 | D:10     | Entered Level 10 of the Dungeon
  8466 | D:10     | Noticed Nergalle
  8750 | D:10     | Noticed Grum
  8769 | D:10     | Your ally Grum died
  9570 | D:10     | Identified the +1 troll leather armour of Terror {rF+ rC+
                  | Regen+}
  9693 | D:11     | Noticed Harold
  9747 | D:11     | Found a runed translucent door.
  9759 | D:11     | Noticed Dorkslayer's ghost (journeyman HOFi)
  9938 | D:11     | Paralysed by a hornet for 2 turns
 10126 | D:11     | Noticed a death yak
 10138 | D:11     | Noticed a death yak
 10150 | D:11     | Killed a death yak
 10151 | D:11     | Reached skill level 11 in Ranged Weapons
 10154 | D:11     | Noticed a death yak
 10168 | D:11     | Killed a death yak
 10169 | D:11     | Reached XP level 12. HP: 94/94 MP: 22/22
 10177 | D:11     | Killed a death yak
 10207 | D:11     | Found a staircase to the Lair.
 10387 | D:11     | Noticed a boulder beetle
 10399 | D:11     | Killed a boulder beetle
 10603 | D:12     | Identified the blade talisman "Jowucsao" {Int+4 Dex-4}
 10636 | D:12     | Found a transporter.
 10636 | D:12     | Noticed Caerwyn's ghost (journeyman TrBe)
 10639 | D:12     | Found a transporter.
 10705 | D:12     | Noticed an ogre mage
 10707 | D:12     | Noticed a two-headed ogre
 10784 | D:12     | Found the +2 ratskin cloak {*Rats rPois rN+ Str-1 Int-1
                  | Dex+1}
 10955 | D:12     | Noticed a two-headed ogre
 10959 | D:12     | Killed a two-headed ogre
 11078 | D:12     | Found a staircase to the Orcish Mines.
 11091 | D:12     | Noticed a boulder beetle
 11103 | D:12     | Killed a boulder beetle
 11174 | D:12     | Learned a level 3 spell: Inner Flame
 11179 | D:12     | Learned a level 4 spell: Petrify
 11188 | D:12     | Noticed a boulder beetle
 11197 | D:12     | Killed a boulder beetle
 11579 | D:12     | Learned a level 4 spell: Olgreb's Toxic Radiance
 11615 | D:12     | Identified the +7 orcbow of Demand {freeze, rF- rCorr
                  | Stlth+}
 11716 | Orc:1    | Entered Level 1 of the Orcish Mines
 11728 | D:12     | Bought the amulet of the Four Winds {rN+ Will+++ Clar} for
                  | 971 gold pieces
 11728 | D:12     | Found the amulet of the Four Winds {rN+ Will+++ Clar}
 11829 | Orc:2    | Entered Level 2 of the Orcish Mines
 11829 | Orc:2    | Noticed an orc high priest
 11829 | Orc:2    | Noticed an orc high priest
 11844 | Orc:2    | Killed an orc high priest
 11845 | Orc:2    | Killed an orc high priest
 11846 | Orc:2    | Reached XP level 13. HP: 58/101 MP: 1/25
 12001 | Orc:2    | Found a frozen archway.
 12537 | Orc:2    | Found Impexek's Assorted Antiques.
 12538 | Orc:2    | Found Dastavos's Magic Scroll Boutique.
 12538 | Orc:2    | Found Zaybrit's Antique Armour Shoppe.
 12538 | Orc:2    | Found Giffum Ytute's Assorted Antiques.
 12719 | Orc:2    | Reached skill level 12 in Ranged Weapons
 12758 | Orc:2    | Bought a red potion for 34 gold pieces
 12759 | Orc:2    | Bought a glowing puce potion for 22 gold pieces
 12760 | Orc:2    | Bought a scroll of enchant weapon for 82 gold pieces
 12760 | Orc:2    | Bought a scroll of revelation for 82 gold pieces
 12760 | Orc:2    | Bought a scroll of teleportation for 33 gold pieces
 12760 | Orc:2    | Bought a scroll of identify for 22 gold pieces
 12760 | Orc:2    | Bought a scroll of identify for 22 gold pieces
 12760 | Orc:2    | Bought a scroll of identify for 22 gold pieces
 13081 | Orc:2    | Found a staircase to the Elven Halls.
 13273 | Orc:2    | Found a runed translucent gate.
 13273 | Orc:2    | Found a runed translucent gate.
 13277 | Orc:2    | Identified the +3 plate armour of the Wilderness {-Cast
                  | rC+++ rCorr Stlth+}
 13279 | Orc:2    | Found a runed translucent gate.
 13280 | Orc:2    | Noticed wqsa789's ghost (journeyman AtFi)
 13286 | Orc:2    | Identified the ring "Tagos" {rC+ Dex+4 Slay+4}
 13546 | Orc:2    | Reached skill level 10 in Fighting
 13546 | Orc:2    | Reached skill level 10 in Dodging
 13569 | Orc:1    | Found a shimmering altar of Xom.
 14014 | Orc:1    | Noticed Fannar
 14035 | Orc:1    | Killed Fannar
 14036 | Orc:1    | Reached XP level 14. HP: 110/110 MP: 12/27
 14335 | D:12     | Bought the ring "Utwub" {rC+++ MP-9 AC+4 Dex+3 SInv} for
                  | 1113 gold pieces
 14392 | Lair:1   | Entered Level 1 of the Lair of Beasts
 14641 | Lair:1   | Found a transporter.
 14664 | Lair:1   | Noticed WinterFox's ghost (journeyman TeRe)
 14813 | Lair:1   | Found a transporter.
 15252 | Lair:1   | Reached skill level 10 in Invocations
 15651 | Lair:2   | Identified a scroll of acquirement
 15652 | Lair:2   | Acquired 914 gold pieces
 16321 | D:9      | Killed Nergalle
 16550 | D:1      | Bought a scroll of immolation for 48 gold pieces
 16550 | D:1      | Bought a scroll of teleportation for 36 gold pieces
 16550 | D:1      | Bought a scroll of enchant weapon for 90 gold pieces
 16550 | D:1      | Bought a scroll of identify for 24 gold pieces
 16550 | D:1      | Bought a scroll of identify for 24 gold pieces
 16849 | Lair:2   | Found a white marble altar of Elyvilon.
 17221 | Lair:3   | Found a snail-covered altar of Cheibriados.
 17527 | Lair:3   | Found a staircase to the Swamp.
 17696 | Lair:3   | Found a staircase to the Snake Pit.
 18276 | Lair:4   | Reached skill level 10 in Stealth
 19172 | Lair:5   | Entered Level 5 of the Lair of Beasts
 19232 | Lair:5   | Reached XP level 15. HP: 117/117 MP: 19/28
 19430 | Lair:5   | Reached skill level 10 in Short Blades
 19430 | Lair:5   | Reached skill level 10 in Long Blades
 19430 | Lair:5   | Reached skill level 10 in Axes
 19430 | Lair:5   | Reached skill level 10 in Maces & Flails
 19430 | Lair:5   | Reached skill level 10 in Polearms
 19430 | Lair:5   | Reached skill level 10 in Staves
 19430 | Lair:5   | Reached skill level 10 in Throwing
 19430 | Lair:5   | Reached skill level 10 in Armour
 19430 | Lair:5   | Reached skill level 10 in Shields
 19430 | Lair:5   | Reached skill level 10 in Unarmed Combat
 19430 | Lair:5   | Reached skill level 10 in Spellcasting
 19430 | Lair:5   | Reached skill level 10 in Evocations
 19695 | Lair:5   | Reached skill level 13 in Ranged Weapons
 19935 | Lair:5   | Found a staircase to the Slime Pits.
 20368 | Lair:5   | Found a large runed translucent door.
 20475 | Lair:5   | Found a large runed translucent door.
 20850 | Lair:5   | Bought the ring "Desiv" {rElec rPois rF- Str+6} for 613
                  | gold pieces
 22480 | D:14     | Found a portal to a secret trove of treasure.
 22825 | D:14     | Reached XP level 16. HP: 122/126 MP: 21/30
 23096 | D:14     | Reached skill level 10 in Shapeshifting
 23225 | D:14     | Found a gate to the Vaults.
 23448 | D:15     | Entered Level 15 of the Dungeon
 24152 | D:15     | Found an iron altar of Okawaru.
 24504 | D:15     | Found a staircase to the Depths.
 24811 | Orc:1    | Killed wqsa789's ghost
 25178 | Orc:2    | Identified the +2 pair of gloves "Esyogog" {Will+}
 25249 | Orc:2    | Bought a potion of haste for 250 gold pieces
 25249 | Orc:2    | Bought a scroll of enchant armour for 187 gold pieces
 25249 | Orc:2    | Bought a pair of embroidered boots for 187 gold pieces
 25333 | Elf:1    | Entered Level 1 of the Elven Halls
 25707 | D:14     | You paid a toll of +3 shadow dragon scales to enter a
                  | treasure trove
 25708 | Trove    | Entered a treasure trove
 25710 | Trove    | Identified the ring "Cywa" {*Slow rPois rC+ Str+2 Int+6}
 25719 | Trove    | Identified the ring "Voym" {rF++ Will+ Dex-4}
 25736 | Trove    | Identified the ring of Doubt {rC+++ Str-2 Dex+6}
 25748 | Trove    | Identified the ring "Soceal" {rElec rN+ Str+4 Int+6 Stlth+}
 25763 | Trove    | Identified the amulet "Valaug" {Reflect Will+ Str+3 SH+5}
 25766 | Trove    | Identified the amulet of Keirimaymp {Spirit Int-3 Dex+5}
 25915 | Orc:2    | Bought a +0 helmet of see invisible for 195 gold pieces
 26106 | Elf:1    | Identified the +1 orcbow of Big Damage {antimagic, rElec
                  | Str+3 SInv}
 26271 | Elf:1    | Reached skill level 14 in Ranged Weapons
 26751 | Elf:2    | Found Jeimoan's Antique Weapon Emporium.
 26853 | Elf:2    | Found Munwac's Antique Weapon Shop.
 26960 | Elf:2    | Found a runed translucent gate.
 26960 | Elf:2    | Found a runed translucent gate.
 26960 | Elf:2    | Found a runed translucent gate.
 27042 | Elf:2    | Reached XP level 17. HP: 127/134 MP: 32/32
 27211 | Elf:3    | Entered Level 3 of the Elven Halls
 27980 | Elf:3    | Reached skill level 10 in Conjurations
 27980 | Elf:3    | Reached skill level 10 in Hexes
 27980 | Elf:3    | Reached skill level 10 in Summonings
 27980 | Elf:3    | Reached skill level 10 in Necromancy
 27980 | Elf:3    | Reached skill level 10 in Translocations
 27980 | Elf:3    | Reached skill level 10 in Transmutations
 27980 | Elf:3    | Reached skill level 10 in Fire Magic
 27980 | Elf:3    | Reached skill level 10 in Ice Magic
 27980 | Elf:3    | Reached skill level 10 in Air Magic
 27980 | Elf:3    | Reached skill level 10 in Earth Magic
 27980 | Elf:3    | Reached skill level 10 in Poison Magic
 28150 | Elf:3    | Gained mutation: You are weak. (Str -2) [a cacodemon]
 28202 | Elf:3    | Noticed a Hell Sentinel
 28313 | Elf:3    | Noticed a deep elf blademaster
 28344 | Elf:3    | Killed a deep elf blademaster
 28463 | Elf:3    | Identified the ring of Rauceg {rN+ Dex+6 Stlth+}
 28496 | Elf:3    | Noticed a deep elf master archer
 28504 | Elf:3    | Killed a deep elf master archer
 28514 | Elf:3    | Identified the ring of Qunakk {rElec rPois rF+ rC++ Slay-4}
 28515 | Elf:3    | Noticed a deep elf blademaster
 28533 | Elf:3    | Killed a deep elf blademaster
 28635 | Elf:3    | Noticed a Tzitzimitl
 28915 | Elf:3    | Learned a level 4 spell: Manifold Assault
 29116 | Elf:3    | Noticed a deep elf master archer
 29143 | Elf:3    | Killed a deep elf master archer
 29144 | Elf:3    | Reached XP level 18. HP: 116/143 MP: 15/34
 29647 | Elf:3    | Identified the +1 shortbow of Conversion {flame, rC- Dex+6
                  | SInv}
 29678 | Elf:3    | Got the Cyclopedia of the Mutated Mausoleum
 29706 | Elf:3    | Learned a level 4 spell: Cause Fear
 29712 | Elf:3    | Learned a level 5 spell: Freezing Cloud
 30110 | Snake:1  | Entered Level 1 of the Snake Pit
 30110 | Snake:1  | Found Izoinuirch's Magic Scroll Shoppe.
 30321 | Snake:1  | Bought a scroll of teleportation for 39 gold pieces
 30321 | Snake:1  | Bought a scroll of poison for 52 gold pieces
 30321 | Snake:1  | Bought a scroll of fear for 52 gold pieces
 31318 | Snake:1  | Bought a scroll of enchant armour for 97 gold pieces
 32166 | Snake:2  | Reached skill level 15 in Ranged Weapons
 32262 | Snake:2  | Found Ickoitor's Round Resellers.
 33027 | Snake:2  | Found Nargh's Distillery.
 33038 | Snake:2  | Bought a potion of heal wounds for 65 gold pieces
 33038 | Snake:2  | Bought a potion of might for 52 gold pieces
 33364 | Snake:3  | Found Bangoca's Self-Published Books.
 35410 | Snake:4  | Entered Level 4 of the Snake Pit
 35418 | Snake:4  | Noticed Saint Roka
 35421 | Snake:4  | Reached XP level 19. HP: 151/151 MP: 19/36
 35737 | Snake:3  | Killed Saint Roka
 38507 | Snake:4  | Noticed Vashnia
 38526 | Snake:4  | Killed Vashnia
 39729 | Snake:4  | Got a serpentine rune of Zot
 40504 | Swamp:1  | Entered Level 1 of the Swamp
 41387 | Swamp:1  | Found a runed translucent door.
 41795 | Swamp:1  | Reached XP level 20. HP: 160/160 MP: 20/37
 42104 | Swamp:1  | Identified the +2 lajatang of the Neverending Youths {elec,
                  | Dex+6}
 43712 | Swamp:2  | Reached skill level 15 in Invocations
 43942 | Swamp:2  | Found a transporter.
 43958 | Swamp:2  | Found a transporter.
 43996 | Swamp:2  | Reached skill level 16 in Ranged Weapons
 45113 | Swamp:2  | Identified the +1 hat "Reolialu" {Contam +Blink Dex+4}
 45115 | Swamp:2  | Identified the ring "Tatox" {rC+ Dex+2}
 45875 | Swamp:3  | Noticed Kirke
 45883 | Swamp:3  | Killed Kirke
 46113 | Swamp:4  | Entered Level 4 of the Swamp
 46241 | Swamp:4  | Noticed Nikola
 46256 | Swamp:4  | Killed Nikola
 48130 | Swamp:4  | Got a decaying rune of Zot
 48149 | Swamp:4  | Paralysed by a hornet for 2 turns
 48952 | Vaults:1 | Entered Level 1 of the Vaults
 49382 | Vaults:1 | Reached skill level 15 in Fighting
 49382 | Vaults:1 | Reached skill level 15 in Dodging
 49411 | Vaults:1 | Reached XP level 21. HP: 105/168 MP: 5/39
 49895 | Vaults:1 | Noticed Zenata
 49909 | Vaults:1 | Killed Zenata
 50378 | Vaults:1 | Identified the +7 fire dragon scales of the Forgotten
                  | Brambles {*Slow rF++ rC- Will++ Int+3}
 50934 | Vaults:2 | Acquired the +0 pair of boots of the Miller {rElec rC+
                  | Slay+6}
 52864 | Vaults:2 | Reached skill level 15 in Stealth
 53182 | Vaults:2 | Found a staircase to the Crypt.
 54048 | Lair:1   | Killed WinterFox's ghost
 54912 | Vaults:3 | Noticed Asterion
 54923 | Vaults:3 | Killed Asterion
 55086 | Vaults:3 | Reached skill level 15 in Short Blades
 55086 | Vaults:3 | Reached skill level 15 in Long Blades
 55086 | Vaults:3 | Reached skill level 15 in Axes
 55086 | Vaults:3 | Reached skill level 15 in Maces & Flails
 55086 | Vaults:3 | Reached skill level 15 in Polearms
 55086 | Vaults:3 | Reached skill level 15 in Staves
 55086 | Vaults:3 | Reached skill level 15 in Throwing
 55086 | Vaults:3 | Reached skill level 15 in Armour
 55086 | Vaults:3 | Reached skill level 15 in Shields
 55086 | Vaults:3 | Reached skill level 15 in Unarmed Combat
 55086 | Vaults:3 | Reached skill level 15 in Spellcasting
 55086 | Vaults:3 | Reached skill level 15 in Evocations
 55518 | Vaults:3 | Reached skill level 17 in Ranged Weapons
 55590 | Vaults:3 | Noticed Boris
 55597 | Vaults:3 | Killed Boris
 55598 | Vaults:3 | Reached XP level 22. HP: 176/176 MP: 8/41
 56461 | Vaults:4 | Noticed Xtahua
 56476 | Vaults:4 | Killed Xtahua
 56996 | Vaults:4 | Noticed Boris
 57013 | Vaults:4 | Killed Boris
 58266 | Vaults:5 | Entered Level 5 of the Vaults
 58339 | Vaults:5 | Noticed a golden dragon
 58340 | Vaults:5 | Killed a golden dragon
 58593 | Vaults:5 | Identified the +10 dagger of the Curious Mouths {holy, Fly
                  | rN+}
 58837 | Vaults:5 | Noticed a golden dragon
 58843 | Vaults:5 | Killed a golden dragon
 59236 | Vaults:5 | Reached XP level 23. HP: 144/184 MP: 29/42
 59388 | Vaults:5 | Identified the +4 ring mail of Gaohiokefo {rC+ rN++ rCorr
                  | Int-5}
 59416 | Vaults:5 | Identified the staff of Qufonul {rC+ Int+4 Ice}
 59424 | Vaults:5 | Got a silver rune of Zot
 59477 | Vaults:5 | Identified the +5 lajatang of Distant Worlds {drain, Str+4}
 60202 | Vaults:5 | Killed a golden dragon
 60636 | Depths:1 | Entered Level 1 of the Depths
 61339 | Depths:1 | Found a one-way gate leading to the halls of Pandemonium.
 61602 | Depths:1 | Found Toebaet's Antique Weapon Shoppe.
 61604 | Depths:1 | Found a gateway to Hell.
 61605 | Depths:1 | Found the +10 Black Knight's barding {ponderous, rPois rN+}
 62972 | Depths:1 | Found Zakead's Weapon Shop.
 64021 | Depths:2 | Identified the ring "Acean" {Fire rN+ Dex+3}
 64036 | Depths:2 | Noticed a caustic shrike
 64040 | Depths:2 | Killed a caustic shrike
 64273 | Depths:2 | Found a glowing golden altar of the Shining One.
 64407 | Depths:2 | Reached skill level 18 in Ranged Weapons
 64581 | Depths:2 | Found a transporter.
 64597 | Depths:2 | Identified the ring "Faam" {Ice Dex+4 Slay-5 SInv}
 64852 | Depths:2 | Found a transporter.
 65106 | Depths:2 | Reached skill level 15 in Shapeshifting
 65488 | Depths:2 | Reached XP level 24. HP: 193/193 MP: 4/43
 66015 | Depths:2 | Identified the ring "Ipomisyru" {Will+ rCorr}
 66105 | Depths:2 | Got the Quarto of Distance
 66106 | Depths:2 | Identified the +0 ring mail of the Earth {rF+ Dex+3}
 66119 | Depths:2 | Found a blossoming altar of Fedhas.
 66372 | Depths:2 | Found a glowing silver altar of Zin.
 66454 | Depths:2 | Noticed a caustic shrike
 66461 | Depths:2 | Killed a caustic shrike
 66581 | Depths:2 | Got Olieqono's Spellbook of Stormy Calefaction
 66618 | Depths:3 | Noticed a juggernaut
 67102 | Depths:3 | Found a runed translucent door.
 67310 | Depths:3 | Found a runed translucent door.
 67346 | Depths:3 | Found a one-way gateway to a ziggurat.
 67360 | Depths:3 | Identified the +7 great mace of Nosmutti {drain, Int+3}
 67378 | Zig:1    | Entered Level 1 of a ziggurat
 67660 | Zig:2    | Entered Level 2 of a ziggurat
 67815 | Zig:3    | Entered Level 3 of a ziggurat
 67938 | Zig:4    | Entered Level 4 of a ziggurat
 68044 | Zig:5    | Entered Level 5 of a ziggurat
 68047 | Zig:5    | Noticed a caustic shrike
 68062 | Zig:5    | Killed a caustic shrike
 68503 | Depths:3 | Killed a juggernaut
 68839 | Depths:3 | Found a one-way gate to the infinite horrors of the Abyss.
 69586 | Depths:3 | Found Zeps's Armour Emporium.
 69731 | Depths:3 | Identified the ring "Ruoxut" {Fly rElec AC+4}
 69831 | Depths:3 | Noticed a caustic shrike
 69838 | Depths:3 | Killed a caustic shrike
 70039 | Depths:3 | Identified the amulet "Guoruing" {Regen+ MP-9 Int+2 SInv
                  | Stlth+}
 70045 | Depths:3 | Identified the ring of Xom's Bemusement {Ice +Blink}
 70047 | Depths:3 | Identified the amulet of Optimism {Acrobat rPois Regen+}
 70134 | Depths:4 | Entered Level 4 of the Depths
 70134 | Depths:4 | Noticed a juggernaut
 70134 | Depths:4 | Found Meppaj's Magic Scroll Shop.
 70373 | Depths:4 | Killed a juggernaut
 70374 | Depths:4 | Reached XP level 25. HP: 178/202 MP: 2/44
 70536 | Depths:4 | Found Wazax's Weapon Shoppe.
 70555 | Depths:4 | Reached skill level 15 in Translocations
 71003 | Depths:4 | Found Cupehymy's Assorted Antiques.
 71275 | Depths:4 | Found Ogiuteac's Distillery.
 71484 | Depths:4 | Bought a potion of heal wounds for 75 gold pieces
 71495 | Depths:4 | Noticed the Enchantress
 71509 | Depths:4 | Killed the Enchantress
 71669 | Depths:4 | Found a gate to the Realm of Zot.
 72110 | Zot:1    | Entered Level 1 of the Realm of Zot
 72409 | Zot:3    | Noticed a Killer Klown
 72415 | Zot:3    | Reached skill level 19 in Ranged Weapons
 72464 | Zot:5    | Entered Level 5 of the Realm of Zot
 72486 | Zot:5    | Noticed an orb of fire
 72812 | Zot:5    | Noticed an ancient lich
 72823 | Zot:5    | Noticed an ancient lich
 72824 | Zot:5    | Noticed an ancient lich
 72826 | Zot:5    | Noticed a Killer Klown
 72831 | Zot:5    | Killed a Killer Klown
 72869 | Zot:5    | Noticed an orb of fire
 72883 | Zot:5    | Noticed a Killer Klown
 72891 | Zot:5    | Noticed a Killer Klown
 72895 | Zot:5    | Killed a Killer Klown
 73137 | Zot:5    | Noticed an orb of fire
 73142 | Zot:5    | Got the Orb of Zot
 73352 | Depths:4 | Noticed Xumov the pandemonium lord
 73359 | Depths:4 | Killed Xumov the pandemonium lord
 73584 | D:11     | Noticed Boris
 73588 | D:10     | Killed Harold
 73764 | D:$      | Escaped with the Orb!

Illustrated notes

Levels and vault maps discovered:
D:1:      matt_arrival_grand_opening, layout_loops_ring, serial_shops,
          nicolae_shop_temple_entry_statues_fountains, shop,
          nicolae_shop_waterfront, nicolae_shop_real_fake_doors
D:2:      layout_loops_corners
D:3:      minmay_general_purpose_star, layout_loops_ring,
          cheibrodos_sewer_entry_sluice, kennysheep_generic_room_14,
          uniq_grinder, uniq_ijyb
D:4:      layout_gridville, minmay_temple_entry_overgrown
D:5:      cheibrodos_fertilizer, layout_gridville, uniq_menkaure,
          uniq_prince_ribbit1
D:6:      layout_loops_ring, nicolae_ru_path_of_blood
D:7:      layout_loops_ring, uniq_maurice, uniq_maggie
D:8:      layout_loops_ring, lemuel_tele_altar, uniq_jeremiah
D:9:      layout_roguey, minmay_overflow_temple_star_quad, uniq_joseph
D:10:     layout_gridville, grunt_decor_clamped, grunt_ministairs_2,
          water_boxes_lemuel, uniq_nergalle, uniq_grum
D:11:     layout_roguey, dpeg_lair_monsters, ebering_ghost_reflecting_pool,
          hangedman_abyss_or_decor_passed, uniq_harold
D:12:     layout_cave_pods, orc_0_dummy, nzn_ghost_randoct
D:13:     layout_basic
D:14:     minmay_four_partial_circles, layout_basic, grunt_vaults_entry_tiered,
          minmay_misc_feat_doors, nicolae_trove_entry_columns,
          minmay_misc_feat_ornament
D:15:     grunt_enter_depths_magical_seal, layout_irregular_city,
          okawaru_gym_becter, serial_glass, glass_columns_a, glass_columns_b,
          hangedman_decor_clover_reticule, nicolae_splish_splash
Temple:   minmay_crystal_spiral_temple
Lair:1:   beast_lair_carwin_large_1, layout_chaotic_city, gammafunk_ghost_arena,
          serial_bayou_shore_b
Lair:2:   layout_small_grid, lemuel_centaur_altar
Lair:3:   layout_regular_city, minmay_swamp_entry_worms,
          nicolae_snake_entry_squirm, basic_altar, gammafunk_lair_bear_cave,
          lemuel_fruit_tree, grunt_megastairs_1, serial_bayou_shore_b
Lair:4:   layout_regular_city, minmay_hedge_maze, serial_bayou_shore_a,
          grunt_megastairs_3
Lair:5:   cheibrodos_lair_end_hotspot, layout_regular_city,
          minmay_slime_entry_jelly_boxes
Swamp:1:  gammafunk_mikee_crab_dinner, layout_falls_marsh,
          evilmike_swamp_ruin_rubble_1, swamp_pool_1_2,
          hangedman_swamp_wriggling
Swamp:2:  gammafunk_worm_tunnel, layout_falls_marsh, evilmike_swamp_ruin_house_4
Swamp:3:  layout_basic_swamp, nicolae_swamp_orc_logging_accident, uniq_kirke
Swamp:4:  nzn_swamp_witches_coven, layout_basic_swamp,
          infiniplex_staircase_pool_2, uniq_nikola
Snake:1:  layout_grid_shapes, serial_shops, shop
Snake:2:  layout_cave_shapes, serial_shops, nicolae_shop_just_a_little_nook,
          tekkud_shop_of_orbs
Snake:3:  layout_honeycomb, nicolae_custom_books, nicolae_snake_storage_room
Snake:4:  grunt_snake_rune_spirals, layout_onion, uniq_vashnia, uniq_saint_roka
Orc:1:    layout_caves, basic_altar, uniq_fannar
Orc:2:    st_orc_ogre_mass, layout_caves, nicolae_volcano_entry_s_turn,
          portal_ice_cave_entry_pillars_1, biasface_ghost_orc_armoury
Elf:1:    elf_arrival_001, layout_loops_cross, hangedman_research_quantum
Elf:2:    elven_hall_of_blades_hangedman_original
          [infiniplex_blade_entry_pillars], layout_rooms, serial_shops, shop,
          nicolae_shop_statue_plus, nrook_loot_triangle, uniq_aizul
Elf:3:    grunt_elf_hall_asides, layout_geoelf_octagon
Vaults:1: nicolae_vaults_angled_halls, ontoclasm_vaults_loading_screen,
          hangedman_vaults_hat, vaults_dpeg_cross, ontoclasm_vaults_ligature,
          nicolae_vaults_tetromino_T_2, grunt_vaults_diagonal,
          vaults_room_semicircle, nicolae_vaults_mini_display_case,
          vaults_room_grunt_arrival_ludios, nicolae_vaults_surprise_closet,
          layout_vaults_big_room, uniq_zenata
Vaults:2: nicolae_vaults_apartment_1, minmay_crypt_entry_vampire_xt,
          nicolae_vaults_house_3, nicolae_vaults_cornered_office,
          hangedman_vaults_capsules, nicolae_vaults_closet_pinwheel_6,
          nicolae_vaults_storage_closets_3, nicolae_vaults_apartment_2,
          nicolae_vaults_closet_pinwheel_3, nicolae_vaults_network_s,
          layout_vaults_omnibox
Vaults:3: hangedman_vaults_cutoff, v_alt_pattern_1,
          nicolae_vaults_double_plus_2, v_misc_28,
          ontoclasm_vaults_decontamination, nicolae_vaults_closet_pinwheel_4,
          ontoclasm_vaults_loading_screen, layout_vaults_omnigrid, uniq_boris,
          uniq_asterion
Vaults:4: v_misc_15, nicolae_vaults_tetromino_L_1,
          nicolae_vaults_bisected_inception,
          nicolae_vaults_offset_grid_hallway_3, hangedman_vaults_pinch,
          vaults_mumra_chevron, v_misc_8, nicolae_vaults_angled_halls,
          vaults_room_ringed_pool, nicolae_vaults_what_the_h,
          nicolae_vaults_door_testing_chamber, layout_vaults_ring, uniq_xtahua
Vaults:5
Depths:1: layout_twisted_cross, serial_bayou_lagoon_a, grunt_pan_entry_spiral,
          serial_shops, shop, hell_entry, nicolae_inconvenience_store,
          corexii_hall_statues_l, chequers_serial_rivers_large_a,
          evilmike_ambush [evilmike_ambush_outer_pillars,
          evilmike_ambush_inner_basic]
Depths:2: hangedman_spin_cycle, pan_entry, hell_entry
Depths:3: minmay_the_grid_triangle_9x9_rhombus_thin_mashed
          [minmay_the_grid_triangle_9x9_pentomino_pain,
          minmay_the_grid_triangle_9x9_prize_special,
          minmay_the_grid_triangle_9x9_odd_lines,
          minmay_the_grid_triangle_9x9_tough_junction], layout_gridville,
          enter_ziggurat_a, hell_entry, abyss_entry_small_statue_room,
          serial_shops, nicolae_shop_crystal, minmay_misc_feat_room,
          evilmike_ambush [evilmike_ambush_outer_pillars,
          evilmike_ambush_inner_pond], infiniplex_staircase_zigzag_5
Depths:4: grunt_zot_entry_bicorn, layout_gridville, hangedman_tar_grid_catacomb,
          special_room [special_room_mythical_zoo], grunt_pan_entry_zigzag,
          serial_shops, bzr_firewalk, shop, nicolae_shop_hallway_plus,
          nicolae_shop_temple_entry_statues_fountains, nicolae_shop_crystal,
          uniq_enchantress
Zot:1:    layout_twisted_circle, regret_index_zotdec_plus
Zot:2:    layout_cathedral_of_symmetry, bh_zot_levy_curve,
          guppyfry_library_mini, uniq_grunn
Zot:3:    layout_misc_corridors, gammafunk_ghost_cemetery,
          regret_index_zotdec_bone_old, lemuel_elevator
Zot:4:    gammafunk_sealed_arena, layout_gridlike, uniq_josephina
Zot:5:    layout_misc_corridors

Skill      XL: |  1  2  3  4  5  6  7  8  9 10 11 12 13 14 15 16 17 18 19 20 21 22 23 24 25 |
---------------+----------------------------------------------------------------------------+-----
Invocations    | 1 2 3 4 5 6 7 8 9 10 11 12 13 14 15 16 17 18 | 18.9
Short Blades   | 1 2 3 4 6 7 8 9 10 11 12 13 14 15 16 17 | 17.5
Long Blades    | 1 2 3 4 6 7 8 9 10 11 12 13 14 15 16 17 | 17.5
Axes           | 1 2 3 4 6 7 8 9 10 11 12 13 14 15 16 17 | 17.5
Maces & Flails | 1 2 3 4 6 7 8 9 10 11 12 13 14 15 16 17 | 17.5
Polearms       | 1 2 3 4 6 7 8 9 10 11 12 13 14 15 16 17 | 17.5
Staves         | 1 2 3 4 6 7 8 9 10 11 12 13 14 15 16 17 | 17.5
Throwing       | 1 2 3 4 6 7 8 9 10 11 12 13 14 15 16 17 | 17.5
Armour         | 1 2 3 4 6 7 8 9 10 11 12 13 14 15 16 17 | 17.5
Shields        | 1 2 3 4 6 7 8 9 10 11 12 13 14 15 16 17 | 17.5
Unarmed Combat | 1 2 3 4 6 7 8 9 10 11 12 13 14 15 16 17 | 17.5
Spellcasting   | 1 2 3 4 6 7 8 9 10 11 12 13 14 15 16 17 | 17.5
Evocations     | 1 2 3 4 6 7 8 9 10 11 12 13 14 15 16 17 | 17.5
Shapeshifting  | 1 2 3 4 5 6 7 8 9 10 11 12 13 14 15 16 | 16.1
Conjurations   | 1 2 3 4 5 6 7 8 9 10 11 12 13 14 | 14.9
Hexes          | 1 2 3 4 5 6 7 8 9 10 11 12 13 14 | 14.9
Summonings     | 1 2 3 4 5 6 7 8 9 10 11 12 13 14 | 14.9
Necromancy     | 1 2 3 4 5 6 7 8 9 10 11 12 13 14 | 14.9
Translocations | 1 2 3 4 5 6 7 8 9 10 11 12 13 14 15 | 15.7
Transmutations | 1 2 3 4 5 6 7 8 9 10 11 12 13 14 | 14.9
Fire Magic     | 1 2 3 4 5 6 7 8 9 10 11 12 13 14 | 14.9
Ice Magic      | 1 2 3 4 5 6 7 8 9 10 11 12 13 14 | 14.9
Air Magic      | 1 2 3 4 5 6 7 8 9 10 11 12 13 14 | 14.9
Earth Magic    | 1 2 3 4 5 6 7 8 9 10 11 12 13 14 | 14.9
Poison Magic   | 1 2 3 4 5 6 7 8 9 10 11 12 13 14 | 14.9
Stealth        | 3 4 5 6 7 8 9 10 11 12 13 14 15 16 17 | 17.6
Fighting       | 5 6 7 8 9 10 11 12 13 14 15 16 17 18 | 18.0
Dodging        | 5 6 7 8 9 10 11 12 13 14 15 16 17 18 | 18.0
Ranged Weapons | 9 10 11 12 13 14 15 16 17 18 19 | 19.1

Action                     |  1- 3 |  4- 6 |  7- 9 | 10-12 | 13-15 | 16-18 | 19-21 | 22-24 | 25-27 || total
---------------------------+-------+-------+-------+-------+-------+-------+-------+-------+-------++-------
  Melee: Arbalest          |       |     3 |       |       |       |       |       |       |       ||     3
         Katana            |       |       |       |       |       |   645 |  2215 |  2016 |   454 ||  5330
         Bite              |       |       |       |       |       |    27 |   106 |   129 |    61 ||   323
   Fire: Shortbow          |    55 |       |       |       |       |       |       |       |       ||    55
         Arbalest          |    34 |   100 |   211 |   143 |   196 |   784 |       |       |       ||  1468
         Orcbow            |       |       |       |   429 |   792 |       |       |       |       ||  1221
  Throw: Throwing net      |       |       |       |     4 |       |       |       |       |       ||     4
         Dart              |       |       |       |    12 |       |     3 |       |       |       ||    15
   Cast: Olgreb's Toxic Ra |       |       |       |     9 |   140 |    35 |       |       |       ||   184
         Inner Flame       |       |       |       |     1 |       |       |       |       |       ||     1
         Manifold Assault  |       |       |       |       |       |   223 |   823 |   559 |   113 ||  1718
         Freezing Cloud    |       |       |       |       |       |     1 |       |       |       ||     1
 Invoke: Potion Petition   |       |       |       |     1 |     1 |     1 |       |       |       ||     3
         Call Merchant     |       |       |       |     1 |     3 |     1 |     3 |       |       ||     8
         Bribe Branch      |       |       |       |       |       |       |       |     1 |     3 ||     4
Ability: Evoke Blink       |       |       |       |       |       |       |     2 |     2 |       ||     4
  Evoke: Wand              |       |       |    16 |    26 |     4 |    17 |     6 |       |     1 ||    70
         Phial of floods   |       |       |       |       |       |       |     2 |       |       ||     2
         Lightning rod     |       |       |       |       |       |       |     1 |       |       ||     1
         Phantom mirror    |       |       |       |       |       |       |     1 |       |       ||     1
         Condenser vane    |       |       |       |       |       |       |     1 |       |       ||     1
    Use: Scroll            |     3 |     7 |     7 |    19 |    14 |     9 |     8 |     5 |     7 ||    79
         Potion            |       |     1 |       |     7 |     1 |     4 |     4 |     2 |     2 ||    21
   Stab: Distracted        |       |       |       |       |       |     6 |    13 |    21 |     9 ||    49
         Sleeping          |       |       |       |       |       |     2 |     4 |     2 |     4 ||    12
         Confused          |       |       |       |       |       |       |     1 |       |       ||     1
 Armour: Leather armour    |    10 |    17 |       |       |       |       |       |       |       ||    27
         Ring mail         |       |    18 |   114 |    17 |       |       |       |       |       ||   149
         Swamp dragon scal |       |       |       |   144 |       |       |       |       |       ||   144
         Skin              |       |       |       |    10 |       |       |    38 |       |       ||    48
         Troll leather arm |       |       |       |   108 |   275 |   331 |   224 |       |       ||   938
         Fire dragon scale |       |       |       |       |       |       |    40 |   329 |    98 ||   467
  Dodge: Dodged            |     8 |    36 |   126 |   314 |   370 |   378 |   244 |   320 |    79 ||  1875
  Block: Other             |       |       |       |       |       |    46 |       |       |       ||    46
         Reflection        |       |       |       |       |       |    40 |    88 |    19 |     2 ||   149
         Kite shield       |       |       |       |       |       |   178 |   711 |   680 |   210 ||  1779
   Form: Statue            |       |       |       |       |       |       |     2 |       |       ||     2
                           |       |       |       |       |       |       |     1 |       |       ||     1

Table legend: (Time is in decaauts)
 A = Elapsed time spent in this place.
 B = Non-inter-level travel time spent in this place.
 C = Inter-level travel time spent in this place.
 D = Time resting spent in this place.
 E = Time spent auto-exploring this place.
 F = Levels seen in this place.
 G = Mean time per level.
                   A        B        C        D        E       F      G
               +--------+--------+--------+--------+--------+-----+--------+
         Total |  74394 |  66066 |   8328 |   3804 |  50430 |  55 | 1352.6 |
       Dungeon |  17837 |  13392 |   4445 |   1022 |   8910 |  15 | 1189.1 |
        Temple |     86 |      2 |     84 |      0 |      0 |   1 |   86.0 |
          Lair |   6489 |   5450 |   1039 |      0 |   4443 |   5 | 1297.8 |
         Swamp |   8294 |   8093 |    201 |    410 |   6664 |   4 | 2073.5 |
     Snake Pit |  10258 |   9899 |    359 |    840 |   7856 |   4 | 2564.5 |
  Orcish Mines |   3338 |   2897 |    441 |    225 |   1881 |   2 | 1669.0 |
   Elven Halls |   4273 |   3382 |    891 |    936 |   1316 |   3 | 1424.3 |
        Vaults |  11222 |  10825 |    397 |    199 |   9216 |   5 | 2244.4 |
        Depths |  10482 |  10187 |    295 |     33 |   8817 |   4 | 2620.5 |
           Zot |   1190 |   1017 |    173 |    138 |    598 |   5 |  238.0 |
      Ziggurat |    822 |    822 |      0 |      0 |    727 |   5 |  164.4 |
         Trove |     74 |     74 |      0 |      0 |      0 |   1 |   74.0 |
         Sewer |     22 |     22 |      0 |      0 |      0 |   1 |   22.0 |
               +--------+--------+--------+--------+--------+-----+--------+

Top non-repeatable levels by time:
 Snake:4: 4470 daAuts
Depths:2: 3036 daAuts
 Swamp:1: 2964 daAuts
Depths:1: 2885 daAuts
Depths:3: 2810 daAuts
Vaults:1: 2708 daAuts
   Elf:3: 2686 daAuts
 Swamp:4: 2627 daAuts
 Snake:3: 2580 daAuts
    D:14: 2396 daAuts
   Orc:2: 2317 daAuts
Vaults:2: 2282 daAuts
Vaults:3: 2234 daAuts
Vaults:4: 2085 daAuts
Vaults:5: 1912 daAuts
